AoeStats
← ConcernedSauce

Arabia

509250709Analyzed
2v2 RM · 7d ago on Sep 26, 2026· 71m 42s· 4 players
Game mode
Random Map
Map size
Medium (4 player)
Population
200
Speed
Normal
Resources
Standard
Victory
Conquest
Starting age
Dark Age
Ending age
Imperial Age
RankedLock teamsTeams togetherTeam positionsShared explorationLock speedFull tech treeHidden civsTurbo modeCheats
Victory
Defeat
🇺🇸 Tatars · United States
950
+15
🇺🇸 Vietnamese · United States
864
+18
🇺🇸 Byzantines · United States
941
-17
🇨🇱 Maya · Chile
913
-16
DWAYNEger Danger
6:28 Loom
11:19 Feudal Age
17:58 Castle Age
16:22 Double-Bit Axe
19:33 Bow Saw
20:53 Horse Collar
24:07 Forging
25:09 Scale Mail Armor
24:52 Pikeman
30:25 Wheelbarrow
29:53 Heavy Plow
30:51 Squires
31:12 Gold Mining
32:08 Hand Cart
32:09 Stone Mining
32:58 Gold Shaft Mining
33:42 Iron Casting
33:29 Chain Mail Armor
40:15 Imperial Age
39:24 Arson
40:13 Ballistics
40:32 Halberdier
42:18 Chemistry
41:09 Heavy Camel Rider
41:52 Husbandry
43:08 Plate Mail Armor
43:33 Scale Barding Armor
45:04 Chain Barding Armor
46:40 Plate Barding Armor
49:33 Fletching
49:43 Padded Archer Armor
55:23 Elite Skirmisher
56:10 Thumb Ring
56:22 Bodkin Arrow
56:42 Leather Archer Armor
64:40 Bracer
65:10 Ring Archer Armor
✟ L¥N V ✟
6:13 Loom
13:47 Feudal Age
17:55 Castle Age
16:49 Double-Bit Axe
17:01 Gold Mining
22:27 Fletching
23:23 Ballistics
32:46 Bow Saw
38:01 Imperial Age
37:29 Bodkin Arrow
52:29 Elite Plumed Archer
56:47 Conscription
CornPopOfficial
8:31 Loom
12:04 Feudal Age
20:48 Fletching
23:07 Castle Age
21:20 Fletching
21:49 Double-Bit Axe
22:53 Horse Collar
23:14 Crossbowman
24:28 Bodkin Arrow
31:16 Elite Skirmisher
34:22 Bow Saw
34:16 Heavy Plow
35:29 Thumb Ring
35:53 Ballistics
35:40 Thumb Ring
37:51 Wheelbarrow
38:49 Padded Archer Armor
41:51 Leather Archer Armor
43:13 Gold Mining
47:11 Imperial Age
50:54 Imperial Skirmisher
56:51 Two-Man Saw
57:00 Pikeman
57:54 Bracer
57:58 Scale Mail Armor
58:21 Halberdier
59:21 Forging
64:16 Crop Rotation
64:20 Hand Cart
65:16 Man-at-Arms
66:23 Chain Mail Armor
66:44 Iron Casting
66:03 Long Swordsman
68:11 Ring Archer Armor
67:06 Two-Handed Swordsman
67:44 Champion
71:07 Plate Mail Armor
ConcernedSauce
9:06 Loom
11:23 Feudal Age
17:31 Castle Age
15:38 Double-Bit Axe
15:52 Horse Collar
21:05 Scale Barding Armor
21:18 Heavy Plow
23:02 Chain Barding Armor
30:55 Bow Saw
31:23 Wheelbarrow
31:26 Forging
32:45 Bloodlines
33:32 Fletching
35:50 Bodkin Arrow
36:46 Hand Cart
39:42 Iron Casting
39:10 Husbandry
40:17 Gold Mining
40:17 Stone Mining
40:52 Ballistics
44:26 Imperial Age
42:55 Padded Archer Armor
46:09 Bracer
45:36 Elite Steppe Lancer
49:43 Crop Rotation
50:22 Chemistry
53:03 Heavy Cavalry Archer
54:27 Leather Archer Armor
54:50 Plate Barding Armor
55:42 Ring Archer Armor
58:57 Silk Armor
59:12 Timurid Siegecraft
63:26 Blast Furnace
69:00 Light Cavalry
69:51 Hussar
Connection lost

Rejoining the realm…

Still unreachable

The connection could not be restored.

Session expired

The server has moved on; the page needs a fresh start.